 Dungeon Crawl Stone Soup version 0.21.1-1-g345015fe64 (webtiles) character file.

79412 NullDivider the Unseen (level 15, -3/85 HPs)
             Began as a Spriggan Artificer on Apr 29, 2018.
             Was an Initiate of Gozag.
             Hit by a large rock thrown by a cyclops (13 damage)
             ... on level 1 of the Shoals on Apr 30, 2018.
             The game lasted 04:33:38 (53279 turns).

NullDivider the Unseen (Spriggan Artificer)        Turns: 53279, Time: 04:33:38

Health: -3/85      AC:  7    Str:  8    XL:     15   Next: 20%
Magic:  29/29      EV: 32    Int: 15    God:    Gozag
Gold:   4372       SH:  0    Dex: 21    Spells: 24/33 levels left

rFire    + . .     SeeInvis +   r - +1 dagger (venom)
rCold    + . .     Gourm    .   (shield restricted)
rNeg     + + .     Faith    .   V - +2 robe {MR+}
rPois    .         Spirit   .   T - +2 hat {Int+3}
rElec    .         Reflect  .   d - +0 cloak
rCorr    .         Harm     .   (gloves unavailable)
MR       ++++.     Rnd*Rage +   (boots unavailable)
Stlth    ++++++++..             l - necklace of Bloodlust {*Rage +Rage MR++ Int-3 Slay+6 *Curse}
HPRegen  0.24/turn              O - ring of stealth
MPRegen  0.21/turn              W - ring of Gyczaamyrr {+Fly rF+ rC+ rN++ MR- Slay+2}

@: gold aura, berserk cooldown, flying, slowed, quick
A: very small, unfitting armour, see invisible, herbivore, speed 3, slow
metabolism 2
a: Potion Petition, Call Merchant, Bribe Branch, Renounce Religion, Evoke
Berserk Rage, Stop Flying


You were on level 1 of the Shoals.
You worshipped Gozag.
Gozag was most pleased with you.
You were very hungry.

You visited 5 branches of the dungeon, and saw 24 of its levels.

You collected 6933 gold pieces.
You spent 2418 gold pieces at shops.
You paid 143 gold pieces to Gozag.

Inventory:

Hand Weapons
 c - a +2 hunting sling of flaming
 r - a +1 dagger of venom (weapon)
 J - a +4 dagger of protection
 R - a +0 scimitar of flaming
Missiles
 k - 412 stones (quivered)
 t - 89 sling bullets
Armour
 d - a +0 cloak (worn)
 j - a +2 robe of cold resistance
 m - a +2 robe of fire resistance
 T - a +2 hat of intelligence (worn)
 V - a +2 robe of magic resistance (worn)
Jewellery
 l - the necklace of Bloodlust (around neck) {*Rage +Rage MR++ Int-3 Slay+6 *Curse}
   (You found it on level 6 of the Lair of Beasts)

   [amulet of rage]

   It affects your intelligence (-3).
   It affects your accuracy and damage with ranged weapons and melee attacks
   (+6).
   It affects your resistance to hostile enchantments.
   It lets you go berserk.
   It may make you go berserk in combat.
   It curses itself when equipped.
 F - an uncursed ring of ice
 O - a ring of stealth (left hand)
 S - an uncursed ring of protection from magic
 W - the ring of Gyczaamyrr (right hand) {+Fly rF+ rC+ rN++ MR- Slay+2}
   (You bought it in a shop on level 6 of the Dungeon)

   [ring of flight]

   It affects your accuracy and damage with ranged weapons and melee attacks
   (+2).
   It protects you from fire.
   It protects you from cold.
   It greatly protects you from negative energy.
   It affects your resistance to hostile enchantments.
   It lets you fly.
Wands
 b - a wand of flame (28)
 e - a wand of scattershot (4)
 p - a wand of paralysis (8)
 u - a wand of digging (28)
 v - a wand of enslavement (5)
 Y - a wand of clouds (6)
 Z - a wand of disintegration (6)
Scrolls
 a - 5 scrolls of teleportation
 h - 4 scrolls of blinking
 s - 3 scrolls of fear
 y - 2 scrolls of fog
 C - a scroll of summoning
 L - 5 scrolls of magic mapping
Potions
 g - 2 potions of resistance {unknown}
 i - 5 potions of curing
 q - a potion of agility {unknown}
 w - 4 potions of lignification
 z - a potion of magic {unknown}
 A - 3 potions of heal wounds
 D - 2 potions of haste {unknown}
 E - a potion of flight {unknown}
 H - a potion of ambrosia {unknown}
 I - 2 potions of degeneration {unknown}
 K - 2 potions of cancellation {unknown}
 M - 2 potions of mutation {unknown}
 P - a potion of might {unknown}
 Q - 3 potions of invisibility
Miscellaneous
 n - a phial of floods (inert)
Comestibles
 f - 18 rations


   Skills:
 * Level 12.6 Fighting
 + Level 10.5 Short Blades
 - Level 6.0 Slings
 + Level 14.7 Dodging
 + Level 15.8 Stealth
 + Level 9.8 Spellcasting
 - Level 6.1 Hexes
 - Level 6.5 Charms
 - Level 6.3 Translocations
 + Level 10.7 Evocations


You had 24 spell levels left.
You knew the following spells:

 Your Spells              Type           Power        Failure   Level  Hunger
a - Blink                 Tloc           N/A          1%          2    None
b - Slow                  Hex            ####....     1%          2    None
c - Shroud of Golubria    Chrm/Tloc      ####......   1%          2    None
d - Confuse               Hex            ####....     2%          3    #......


Dungeon Overview and Level Annotations

Branches:
Dungeon (14/15)            Temple (1/1) D:7            Lair (6/6) D:11
 Shoals (1/4) Lair:4        Snake (0/4) Lair:4        Slime (0/5) Lair:6
    Orc (2/2) D:9             Elf (0/3) Orc:2
 Vaults: D:13-14

Altars:
Ashenzari
Cheibriados
Dithmenos
Elyvilon
Fedhas
Gozag
Hepliaklqana
Kikubaaqudgha
Makhleb
Nemelex Xobeh
Okawaru
Qazlal
Ru
Sif Muna
Trog
Uskayaw
Vehumet
Wu Jian
Xom
Yredelemnul
Zin
The Shining One
Beogh

Shops:
D:4 (   D:6 **:(   D:9 [(   Orc:2 [!(

Annotations:
D:8 supermoro's ghost, novice MiGl
Lair:6 exclusion: oklob plant


Innate Abilities, Weirdness & Mutations

You are very small and have problems with some larger weapons.
You are too small for most types of armour.
You have supernaturally acute eyesight. (SInv)
You are a herbivore.
You cover ground extremely quickly.
You need consume almost no food.


Message History

The water nymph points at you and mumbles some strange words.
The water rises up and strikes you!
You hit the water nymph.
The water nymph is poisoned.
The water nymph is lightly wounded.
You closely miss the water nymph.
The water nymph is lightly wounded.
The water nymph points at you and mumbles some strange words.
The water rises up and strikes you!
* * * LOW HITPOINT WARNING * * *
Items here: $ ( )) 7 gold pieces; an uncursed club; an uncursed hunting sling; 14 stones You feel much better.
The water nymph touches you! The water nymph drowns you!
* * * LOW HITPOINT WARNING * * *
The water nymph touches you.
* * * LOW HITPOINT WARNING * * *
The water nymph drowns you!
* * * LOW HITPOINT WARNING * * *
The cyclops throws a large rock.
The large rock hits you!
You die...
Your body crumbles into a pile of gold.

≈≈≈≈≈≈≈≈≈≈≈≈≈≈≈≈≈≈≈≈≈
≈≈≈≈≈≈≈≈≈≈≈≈≈≈≈≈≈≈≈≈≈≈≈≈
≈≈≈≈≈≈≈≈≈P≈≈PPP≈≈≈≈≈≈≈≈≈
≈≈≈≈≈≈≈≈≈≈≈≈P.P≈PP≈≈≈≈≈≈≈≈
≈≈≈≈≈≈≈≈≈≈≈≈P...PP≈≈≈≈≈≈≈≈≈
$
≈≈≈≈≈≈≈≈≈≈≈≈≈P##P.≈≈≈≈≈≈≈.≈
≈≈≈≈≈≈≈≈≈≈≈≈..# #.P≈≈≈≈≈...
≈≈≈≈≈≈≈≈≈.≈≈≈(###.≈≈<≈≈....
≈≈≈≈≈.....@≈≈≈..PP≈≈≈.....)
≈≈≈≈.....≈$..≈≈≈..≈...###..
≈≈≈......)m$.(≈≈≈.....#####
≈≈≈≈..((##(.≈(≈≈≈≈≈≈...# ##
≈≈≈≈≈...#≈≈PPP≈≈≈≈≈≈≈≈.###.
≈≈≈≈≈...≈≈.PP≈≈≈≈≈≈≈≈≈≈.##.
≈≈≈C≈........≈≈≈≈≈≈≈≈≈≈.#..
≈≈≈≈≈≈..≈..≈≈≈≈≈≈≈≈≈≈≈≈...≈
≈≈≈≈≈≈..≈.(≈≈≈≈≈≈≈≈≈≈≈≈≈≈≈≈


You could see a cyclops and a water nymph.

Vanquished Creatures
  Gastronok (Lair:3)
  Frances (D:12)
  An orc warlord (Orc:2)
  Snorg (Lair:3)
  Fannar (Orc:1)
  Erolcha (Orc:1)
  6 hydras
  3 catoblepae
  Erica (D:11)
  7 two-headed ogres
  5 death yaks
  4 orc high priests (Orc:2)
  Sonja (D:13)
  3 lindwurms
  4 orc knights (Orc:2)
  6 orc sorcerers
  A manticore (Lair:6)
  2 cyclopes
  5 ugly things
  4 fauns (Shoals:1)
  12 elephants
  Joseph (D:7)
  A centaur zombie (D:12)
  Maurice (D:8)
  4 black mambas
  10 spiny frogs
  A torpor snail (Lair:6)
  A gargoyle (D:10)
  A rime drake (shapeshifter) (D:13)
  2 rime drakes
  5 komodo dragons
  5 trolls
  A polar bear (Lair:4)
  A merfolk (Shoals:1)
  A wind drake (shapeshifter) (D:11)
  Prince Ribbit (D:5)
  Grinder (D:5)
  18 blink frogs
  2 dream sheep (Lair:6)
  12 hippogriffs
  4 centaurs (D:13)
  7 spriggans (Lair:1)
  2 wyverns
  Eustachio (D:5)
  28 yaks
  3 basilisks
  A hungry ghost (D:8)
  Grum (D:8)
  A steam dragon (D:7)
  4 vampire mosquitoes
  2 wargs (Orc:2)
  2 nagas (Lair:4)
  A soldier ant (D:10)
  23 water moccasins
  8 porcupines
  6 sky beasts
  2 ice beasts
  A necrophage (D:9)
  41 orc warriors
  A phantom (D:14)
  The ghost of Tali the Skirmisher, an amateur DsBe of Trog (D:3)
  6 wolves
  21 ogres
  15 crocodiles
  A big kobold (D:8)
  A wyvern zombie (D:12)
  12 bullfrogs
  3 wyvern skeletons
  3 scorpions
  A water moccasin skeleton (D:9)
  13 wights
  6 killer bees
  10 electric eels
  2 howler monkeys
  4 bullfrog zombies
  3 crimson imps
  34 orc priests
  6 jellies
  25 orc wizards
  A gnoll shaman (D:6)
  3 hounds
  4 bullfrog skeletons
  5 centaur skeletons
  An iguana (D:12)
  15 worker ants
  A hound skeleton (D:4)
  A howler monkey zombie (D:7)
  13 gnolls
  12 adders
  A shadow imp (D:10)
  6 oozes
  3 dart slugs (D:1)
  8 leopard geckos
  117 orcs
  13 giant cockroaches
  10 goblins
  3 hobgoblins (D:3)
  14 jackals
  15 kobolds
  3 quokkas
  4 ball pythons
  4 bats
  2 frilled lizards
  A jackal skeleton (D:4)
  A leopard gecko skeleton (D:8)
  3 quokka skeletons
  6 rats
  A plant (Lair:6)
716 creatures vanquished.

Vanquished Creatures (collateral kills)
  2 death yaks (Lair:6)
  A tengu warrior (D:14)
  A rime drake (Lair:6)
  A blink frog (Lair:6)
  A yak (D:13)
  An orc warrior (Orc:2)
  An ogre (Orc:2)
  A wolf (D:8)
  A wight (D:12)
  2 orc priests (Orc:2)
  A hound (D:13)
  2 orcs (D:4)
15 creatures vanquished.

Vanquished Creatures (others)
  A centaur warrior (D:13)
  A death yak (Lair:6)
  A manticore (Lair:6)
  A centaur (D:13)
  2 wights (D:12)
  4 orc priests
  A bush (Lair:6)
  20 fungi
  22 plants
53 creatures vanquished.

Grand Total: 784 creatures vanquished

Notes
Turn   | Place    | Note
-------+----------+-------------------------------------------
     0 | D:1      | NullDivider the Spriggan Artificer began the quest for the Orb.
     0 | D:1      | Reached XP level 1. HP: 9/9 MP: 4/4
     1 | D:1      | Found a runed door.
   208 | D:1      | Reached skill level 1 in Fighting
   282 | D:1      | Reached XP level 2. HP: 12/14 MP: 6/6
   354 | D:1      | Reached skill level 2 in Stealth
   966 | D:1      | Reached XP level 3. HP: 18/18 MP: 7/7
  2084 | D:1      | Reached XP level 4. HP: 23/23 MP: 8/8
  2167 | D:1      | Reached skill level 3 in Stealth
  3190 | D:3      | Noticed Tali's ghost (amateur DsBe)
  3515 | D:3      | Killed Tali's ghost
  3515 | D:3      | Reached skill level 5 in Evocations
  3515 | D:3      | Reached XP level 5. HP: 27/27 MP: 9/9
  3604 | D:3      | Reached skill level 4 in Stealth
  3831 | D:3      | Reached XP level 6. HP: 32/32 MP: 10/10
  4485 | D:4      | Found Jananiugh's Weapon Emporium.
  4493 | D:4      | Bought a +1 dagger of venom for 103 gold pieces
  4741 | D:4      | Reached skill level 5 in Dodging
  5254 | D:5      | Entered Level 5 of the Dungeon
  5279 | D:5      | Noticed Grinder
  5309 | D:5      | Killed Grinder
  5309 | D:5      | Reached skill level 5 in Stealth
  5309 | D:5      | Reached XP level 7. HP: 20/37 MP: 12/12
  6013 | D:5      | Noticed Prince Ribbit
  6542 | D:5      | Killed Prince Ribbit
  6542 | D:5      | Reached skill level 6 in Stealth
  6542 | D:5      | Reached XP level 8. HP: 21/42 MP: 13/13
  7229 | D:5      | Noticed Eustachio
  7236 | D:5      | Killed Eustachio
  7587 | D:6      | Found Wesoy's Book Shop.
  7618 | D:5      | Reached skill level 5 in Fighting
  7879 | D:5      | Reached skill level 1 in Slings
  7879 | D:5      | Reached skill level 7 in Stealth
  9680 | D:6      | Found Munt's Food Boutique.
  9682 | D:6      | Found Kuqil's General Store.
  9700 | D:6      | Reached XP level 9. HP: 48/48 MP: 15/15
  9788 | D:6      | Reached skill level 5 in Short Blades
 10174 | D:6      | Reached skill level 8 in Stealth
 10355 | D:6      | Found Camerauwi's Antique Weapon Shop.
 10474 | D:5      | HP: 2/48 [poisoned by a killer bee]
 10481 | D:5      | HP: 1/48 [poisoned by a killer bee]
 10489 | D:5      | HP: 1/48 [poisoned by a killer bee]
 10981 | D:6      | Found a sacrificial altar of Ru.
 10985 | D:6      | Found Caycoone's Assorted Antiques.
 12027 | D:7      | Reached skill level 9 in Stealth
 12193 | D:7      | Noticed Joseph
 12222 | D:7      | Killed Joseph
 12470 | D:6      | Reached XP level 10. HP: 50/55 MP: 17/17
 13158 | D:7      | Learned a level 2 spell: Blink
 13161 | D:7      | Learned a level 2 spell: Slow
 13502 | D:8      | Noticed supermoro's ghost (novice MiGl)
 13515 | D:8      | Noticed Maurice
 13518 | D:8      | Killed Maurice
 14524 | D:8      | Noticed a two-headed ogre
 14720 | D:8      | Killed a two-headed ogre
 14720 | D:8      | Reached skill level 10 in Stealth
 15372 | D:8      | Noticed Grum
 15487 | D:8      | Killed Grum
 15816 | D:8      | Noticed a two-headed ogre
 15858 | D:8      | Killed a two-headed ogre
 16902 | D:7      | Found a staircase to the Ecumenical Temple.
 16907 | Temple   | Entered the Ecumenical Temple
 16948 | Temple   | Became a worshipper of Gozag Ym Sagoz the Greedy
 17208 | D:8      | Reached skill level 10 in Dodging
 17489 | D:9      | Noticed a two-headed ogre
 17492 | D:9      | Found Faig's Armour Boutique.
 17494 | D:9      | Found a staircase to the Orcish Mines.
 17555 | D:7      | Killed a two-headed ogre
 17555 | D:7      | Reached XP level 11. HP: 49/60 MP: 19/19
 17742 | D:9      | Found Unatugga's Weapon Boutique.
 18526 | D:10     | Entered Level 10 of the Dungeon
 18819 | D:9      | Reached skill level 11 in Stealth
 19073 | D:10     | Learned a level 2 spell: Shroud of Golubria
 19113 | D:10     | Reached skill level 10 in Evocations
 19389 | D:10     | Reached skill level 1 in Charms
 19536 | D:10     | Reached skill level 1 in Translocations
 19541 | D:10     | Reached skill level 1 in Spellcasting
 19541 | D:10     | Reached skill level 1 in Hexes
 19555 | D:10     | HP: 2/60 [yak (11)]
 20604 | D:11     | Noticed Erica
 20605 | D:11     | Killed Erica
 20892 | D:11     | Found a staircase to the Lair.
 21146 | D:11     | Noticed a green ugly thing
 21152 | D:11     | Killed a green ugly thing
 21391 | D:11     | You fall through a shaft for 3 floors!
 21421 | D:13     | Noticed a two-headed ogre
 21453 | D:13     | Found an iron altar of Okawaru.
 21541 | D:11     | Noticed a catoblepas
 21598 | D:11     | Killed a catoblepas
 22592 | D:6      | Bought the ring of Gyczaamyrr {+Fly rF+ rC+ rN++ MR- Slay+2} for 532 gold pieces
 22592 | D:6      | Bought a scroll of enchant weapon for 75 gold pieces
 23369 | D:12     | Noticed Frances
 23386 | D:12     | Killed Frances
 23547 | D:12     | Reached XP level 12. HP: 61/66 MP: 20/20
 23591 | D:12     | Reached skill level 12 in Stealth
 24832 | D:12     | Reached skill level 5 in Charms
 25527 | D:12     | Reached skill level 5 in Translocations
 26014 | D:13     | Found a blossoming altar of Fedhas.
 26299 | D:13     | Noticed an eight-headed hydra
 26371 | D:13     | Killed an eight-headed hydra
 26467 | D:13     | Noticed Sonja
 26474 | D:13     | Killed Sonja
 26863 | D:13     | Killed a two-headed ogre
 26972 | D:13     | Noticed a centaur warrior
 27928 | D:14     | Reached skill level 10 in Fighting
 27928 | D:14     | Reached skill level 5 in Spellcasting
 27931 | D:14     | Reached skill level 5 in Hexes
 27944 | D:14     | Noticed a death knight
 28042 | D:14     | Noticed a tengu warrior
 28078 | D:14     | Noticed a tengu warrior
 28091 | D:14     | Killed a tengu warrior
 28702 | Lair:1   | Entered Level 1 of the Lair of Beasts
 30130 | Lair:1   | Reached XP level 13. HP: 46/72 MP: 20/22
 30350 | Lair:1   | Reached skill level 13 in Stealth
 33765 | Lair:2   | Identified a scroll of acquirement
 34090 | Lair:3   | Noticed Snorg
 34239 | Lair:3   | Killed Snorg
 34323 | Lair:3   | Noticed Gastronok
 34349 | Lair:3   | Killed Gastronok
 34527 | Lair:3   | HP: 2/73 [spiny frog (22)]
 36381 | Lair:3   | Reached skill level 10 in Short Blades
 36789 | Lair:4   | Found a staircase to the Snake Pit.
 37667 | Lair:4   | Reached skill level 14 in Stealth
 38158 | Lair:4   | Found an opulent altar of Gozag.
 38579 | Lair:4   | Found a staircase to the Shoals.
 40492 | Lair:6   | Entered Level 6 of the Lair of Beasts
 41296 | Lair:5   | Reached XP level 14. HP: 30/79 MP: 26/26
 42721 | Lair:6   | Found a staircase to the Slime Pits.
 44606 | Lair:6   | Reached skill level 5 in Slings
 45360 | Lair:6   | Found the cursed necklace of Bloodlust {*Rage +Rage MR++ Int-3 Slay+6 *Curse}
 46707 | Lair:5   | Reached skill level 15 in Stealth
 47738 | D:6      | Bought a ration for 50 gold pieces
 47738 | D:6      | Bought a ration for 50 gold pieces
 47738 | D:6      | Bought a ration for 50 gold pieces
 47738 | D:6      | Bought a ration for 50 gold pieces
 47738 | D:6      | Bought a ration for 50 gold pieces
 47738 | D:6      | Bought a ration for 50 gold pieces
 47738 | D:6      | Bought a ration for 50 gold pieces
 47738 | D:6      | Bought a ration for 50 gold pieces
 47745 | D:6      | Bought a wand of clouds (5) for 270 gold pieces
 47793 | D:6      | Bought a book of Misfortune for 240 gold pieces
 47797 | D:6      | Learned a level 3 spell: Confuse
 47961 | Orc:1    | Entered Level 1 of the Orcish Mines
 47964 | Orc:1    | Found a bloodstained altar of Trog.
 48354 | Orc:2    | Entered Level 2 of the Orcish Mines
 49117 | Orc:2    | Found a roughly hewn altar of Beogh.
 49478 | Orc:2    | Found Qeesmez's Food Boutique.
 49483 | Orc:2    | Bought a ration for 50 gold pieces
 49483 | Orc:2    | Bought a ration for 50 gold pieces
 49483 | Orc:2    | Bought a ration for 50 gold pieces
 49483 | Orc:2    | Bought a ration for 50 gold pieces
 49483 | Orc:2    | Bought a ration for 50 gold pieces
 49483 | Orc:2    | Bought a ration for 50 gold pieces
 49483 | Orc:2    | Bought a ration for 50 gold pieces
 49489 | Orc:2    | Found Vianwi's Weapon Shop.
 49542 | Orc:2    | Bought a +2 hunting sling of flaming for 235 gold pieces
 50129 | Orc:2    | Found Sunesk's Distillery.
 50308 | Orc:2    | Bought a potion of curing for 45 gold pieces
 50308 | Orc:2    | Bought a potion of curing for 45 gold pieces
 50308 | Orc:2    | Bought a potion of lignification for 45 gold pieces
 50436 | Orc:2    | Found Xeycuq's Armour Boutique.
 50667 | Orc:2    | Found a roughly hewn altar of Beogh.
 50667 | Orc:2    | Noticed an orc warlord
 50694 | Orc:2    | Killed an orc warlord
 50694 | Orc:2    | Reached XP level 15. HP: 84/85 MP: 27/29
 51199 | Orc:2    | Found a staircase to the Elven Halls.
 51657 | Orc:1    | Noticed Fannar
 51701 | Orc:1    | Killed Fannar
 51871 | Orc:1    | Noticed Erolcha
 51888 | Orc:1    | Killed Erolcha
 52505 | D:6      | Bought a potion of curing for 78 gold pieces
 53181 | Shoals:1 | Entered Level 1 of the Shoals
 53279 | Shoals:1 | Hit by a large rock thrown by a cyclops

Skill      XL: |  1  2  3  4  5  6  7  8  9 10 11 12 13 14 |
---------------+-------------------------------------------+-----
Fighting       | 1 2 3 4 5 7 8 9 10 11 12 | 12.6
Stealth        | 2 3 4 5 6 7 9 10 11 12 14 15 | 15.8
Short Blades   | 2 3 4 6 7 8 9 10 | 10.5
Dodging        | 4 5 6 7 8 10 11 12 13 14 | 14.7
Evocations     | 5 6 7 8 9 10 | 10.7
Slings         | 1 2 3 6 |  6.0
Charms         | 4 6 |  6.5
Translocations | 4 6 |  6.3
Spellcasting   | 3 5 7 9 |  9.8
Hexes          | 3 5 6 |  6.1

Action                   |  1- 3 |  4- 6 |  7- 9 | 10-12 | 13-15 || total
-------------------------+-------+-------+-------+-------+-------++-------
Melee: Short sword       |    93 |       |       |       |       ||    93
       Dagger            |    86 |   404 |   398 |  1392 |  1895 ||  4175
       Scimitar          |       |       |       |       |    56 ||    56
 Fire: Hunting sling     |       |       |   105 |   184 |   150 ||   439
 Cast: Shroud of Golubri |       |       |       |     4 |    11 ||    15
       Blink             |       |       |       |     4 |     7 ||    11
       Slow              |       |       |       |     1 |    16 ||    17
       Confuse           |       |       |       |       |     4 ||     4
 Abil: Evoke Flight      |       |       |       |       |     3 ||     3
Evoke: Wand              |     5 |    25 |     7 |    28 |    62 ||   127
       Phial of floods   |       |       |       |       |     1 ||     1
  Use: Scroll            |       |       |    10 |     5 |    15 ||    30
       Potion            |       |       |       |       |     3 ||     3
 Stab: Sleeping          |     1 |    15 |    11 |    53 |    51 ||   131
       Distracted        |       |     1 |     1 |     7 |    16 ||    25
       Paralysed         |       |     1 |       |       |     6 ||     7
       Petrified         |       |       |       |       |     5 ||     5
       Confused          |       |       |       |       |     1 ||     1
  Eat: Ration            |       |     1 |     4 |    11 |    13 ||    29
Armor: Robe              |    25 |    57 |    15 |    33 |    93 ||   223
Dodge: Dodged            |   143 |   308 |   303 |   836 |  1387 ||  2977
       Rpst.: Scimitar   |       |       |       |       |    16 ||    16
